 Dungeon Crawl Stone Soup version 0.26-a0-651-gb41185065b (webtiles) character file.

Game seed: 6341287836157828419

571 simcity the Conjurer (level 7, 0/41 HPs)
             Began as an Octopode Conjurer on Sept 29, 2020.
             Killed from afar by an orc wizard (5 damage)
             ... with a puff of frost
             ... on level 4 of the Dungeon.
             The game lasted 00:11:30 (5118 turns).

simcity the Conjurer (Octopode Conjurer)            Turns: 5118, Time: 00:11:32

Health: 0/41       AC:  1    Str:  6    XL:     7   Next: 34%
Magic:  0/13       EV: 13    Int: 22    God:
Gold:   295        SH:  0    Dex: 11    Spells: 1/15 levels left

rFire    . . .     SeeInvis .   p - +2 quarterstaff (chaos)
rCold    . . .     Faith    .   (shield currently unavailable)
rNeg     . . .     Spirit   +   (helmet restricted)
rPois    .         Reflect  .   n - amulet of guardian spirit
rElec    .         Harm     .   (no ring)
rCorr    .         Rampage  .   (no ring)
MR       .....                  (no ring)
Stlth    +++.......             (no ring)
HPRegen  0.13/turn              (no ring)
MPRegen  0.13/turn              (no ring)
                                (no ring)
                                (no ring)

@: no status effects
A: almost no armour, stealthy swim, amphibious, 8 rings, constrict 8, camouflage
1, gelatinous body 1
a: no special abilities


You were on level 4 of the Dungeon.
You visited 1 branch of the dungeon, and saw 4 of its levels.

You collected 295 gold pieces.

Inventory:

Hand Weapons
 p - a +2 quarterstaff of chaos (weapon)
Missiles
 k - 19 bolts
Jewellery
 n - an amulet of guardian spirit (around mantle)
Scrolls
 b - a scroll of remove curse
 e - a scroll of random uselessness {unknown}
 g - a scroll of immolation {unknown}
 i - a scroll of enchant weapon {unknown}
 l - a scroll of amnesia {unknown}
 o - a scroll of fear {unknown}
 q - a scroll of identify
 r - a scroll of blinking {unknown}
Potions
 a - a potion of cancellation
 c - a potion of mutation {unknown}
 d - a potion of curing
 f - a potion of flight {unknown}
 h - 2 potions of stabbing {unknown}
 j - 3 potions of haste
 m - a potion of degeneration {unknown}


   Skills:
 - Level 2.0 Dodging
 - Level 2.6 Stealth
 + Level 4.5 Spellcasting
 + Level 6.0 Conjurations
 + Level 3.8 Hexes
 + Level 0.3 Translocations


You had one spell level left.
You knew the following spells:

 Your Spells              Type           Power        Failure   Level
a - Magic Dart            Conj           ####         1%          1
b - Searing Ray           Conj           ####..       1%          2
c - Fulminant Prism       Conj/Hex       ####......   14%         4
d - Iskenderun's Mystic   Conj/Tloc      ###.....     28%         4
e - Dazzling Flash        Conj/Hex       ####..       4%          3

Your spell library contained the following spells:

 Spells                   Type           Power        Failure   Level
 Sandblast                Erth           #.....       11%         1
 Stone Arrow              Conj/Erth      ###...       10%         3
 Passwall                 Tmut/Erth      #.......     16%         2
 Petrify                  Tmut/Erth      #.......     71%         4
 Lee's Rapid Deconstruct  Erth           #.........   96%         5


Dungeon Overview and Level Annotations

Branches:
Dungeon (4/15)
 Temple: D:4-7

Altars:
Sif Muna


Innate Abilities, Weirdness & Mutations

You cannot wear most types of armour.
You are very stealthy in the water. (Stealth+)
You are amphibious.
You can wear up to eight rings at the same time.
You can use your tentacles to constrict eight enemies at once.
Your skin changes colour to match your surroundings (Stealth+).
Your rubbery body absorbs attacks. (AC +1, EV +1)


Message History

The blast of energy engulfs the orc priest!
You kill the orc priest!
The blast of energy engulfs the orc wizard.
The orc wizard is almost dead.
You closely miss the orc wizard. Your grab misses the orc wizard.
The orc wizard is severely wounded.
The orc wizard barely misses you.
The orc wizard mumbles some strange words.
The orc wizard flickers and vanishes!
Deactivating autopickup; reactivate with Ctrl-A.
The orc wizard hits you with a +0 dagger.
* * * LOW HITPOINT WARNING * * *
You closely miss something.
You hear some strange, mumbled words.
A puff of flame appears from out of thin air!
The puff of flame hits you!
* * * LOW HITPOINT WARNING * * *
The orc wizard points at you and mumbles some strange words.
The puff of frost hits you.
You die...

##....####### #.#
###### #.. ##. ## #
###### ####....##
##........###
##o@######...#######
#.{## ##..........
........##
#...........
.....)..#
##..##..####.
######### ##.####..#
## ###.## #..# #
##...# #..# #...##
#..# #..## #.## #


You could see an orc wizard (fast).

Vanquished Creatures
  An ogre (D:3)
  2 phantoms (D:4)
  A howler monkey (D:4)
  An orc priest (D:4)
  Crazy Yiuf (D:2)
  An orc wizard (D:3)
  An iguana (D:4)
  Robin (D:2)
  5 adders
  An ooze (D:4)
  A worm (D:4)
  4 dart slugs
  4 leopard geckos
  7 orcs (D:3)
  5 giant cockroaches
  14 goblins
  8 hobgoblins
  12 jackals
  3 quokkas
  4 bats
  10 frilled lizards
  7 kobolds
  4 rats
98 creatures vanquished.

Vanquished Creatures (others)
  3 fulminant prisms
  5 plants (D:1)
8 creatures vanquished.

Grand Total: 106 creatures vanquished

Notes
Turn   | Place    | Note
-------+----------+-------------------------------------------
     0 | D:1      | simcity the Octopode Conjurer began the quest for the Orb.
     0 | D:1      | Reached XP level 1. HP: 11/11 MP: 3/3
   402 | D:1      | Reached XP level 2. HP: 17/17 MP: 3/5
   490 | D:1      | Learned a level 2 spell: Searing Ray
   963 | D:1      | Reached XP level 3. HP: 21/21 MP: 4/6
  1014 | D:1      | Learned a level 3 spell: Dazzling Flash
  1483 | D:2      | Found a runed translucent door.
  1498 | D:2      | Reached skill level 1 in Hexes
  1592 | D:2      | Reached XP level 4. HP: 27/27 MP: 6/8
  1633 | D:2      | Found a shimmering blue altar of Sif Muna.
  1856 | D:2      | Noticed Robin
  1899 | D:2      | Killed Robin
  2418 | D:2      | Reached XP level 5. HP: 31/31 MP: 6/9
  2424 | D:2      | Learned a level 4 spell: Fulminant Prism
  2677 | D:2      | Noticed Crazy Yiuf
  2781 | D:3      | Reached skill level 5 in Conjurations
  3166 | D:3      | Noticed an ogre
  3191 | D:3      | Killed an ogre
  3191 | D:3      | Reached XP level 6. HP: 36/36 MP: 3/11
  3628 | D:2      | Killed Crazy Yiuf
  4450 | D:4      | Noticed a phantom
  4507 | D:4      | Killed a phantom
  4507 | D:4      | Reached XP level 7. HP: 16/41 MP: 2/13
  4880 | D:4      | Reached skill level 6 in Conjurations
  4947 | D:4      | Learned a level 4 spell: Iskenderun's Mystic Blast
  5118 | D:4      | Killed from afar by an orc wizard

Illustrated notes

Levels and vault maps discovered:
D:1:      lordsloth_arrival_two_stooges, layout_loops_ring, minmay_lizard_king
D:2:      layout_basic, lemuel_blue_sif_altar, uniq_robin,
          uniq_crazy_yiuf_cottage
D:3:      layout_rooms
D:4:      layout_layer_cave

Skill      XL: |  1  2  3  4  5  6  7 |
---------------+----------------------+-----
Hexes          | 1 2 3 |  3.8
Spellcasting   | 3 4 |  4.5
Conjurations   | 5 6 |  6.0
Dodging        | |  2.0
Stealth        | |  2.6
Translocations | |  0.3

Action                   |  1- 3 |  4- 6 |  7- 9 || total
-------------------------+-------+-------+-------++-------
Melee: Unarmed           |     6 |     2 |       ||     8
       Constrict         |     3 |       |       ||     3
       Tentacles         |     1 |       |       ||     1
       Quarterstaff      |       |     3 |     2 ||     5
 Cast: Magic Dart        |    51 |    49 |     1 ||   101
       Searing Ray       |     3 |    26 |     3 ||    32
       Dazzling Flash    |       |     2 |       ||     2
       Fulminant Prism   |       |     1 |     2 ||     3
  Use: Scroll            |       |     3 |       ||     3
Armor: Skin              |     3 |       |       ||     3
Dodge: Dodged            |     9 |     9 |     1 ||    19

Table legend: (Time is in decaauts)
 A = Elapsed time spent in this place.
 B = Non-inter-level travel time spent in this place.
 C = Inter-level travel time spent in this place.
 D = Time resting spent in this place.
 E = Time spent auto-exploring this place.
 F = Levels seen in this place.
 G = Mean time per level.
                   A        B        C        D        E       F      G
               +--------+--------+--------+--------+--------+-----+--------+
         Total |   5121 |   4871 |    250 |   1006 |   3225 |   4 | 1280.2 |
       Dungeon |   5121 |   4871 |    250 |   1006 |   3225 |   4 | 1280.2 |
               +--------+--------+--------+--------+--------+-----+--------+

Top non-repeatable levels by time:
     D:2: 1720 daAuts
     D:4: 1330 daAuts
     D:1: 1212 daAuts
     D:3: 858 daAuts
